ST. LOUIS Blues vs CHICAGO Blackhawks

Created - 23 février 2024 at 14:29

Goals
1 2 3 T
ST. LOUIS Blues 3 0 2 5
CHICAGO Blackhawks 2 2 3 7
Shots
1 2 3 T
ST. LOUIS Blues 17 5 4 26
CHICAGO Blackhawks 15 15 14 44

1st period

1. ST. LOUIS Blues , Roope Hintz 11 (Oscar Klefbom 3, Oliver Bjorkstrand 12) at 5:13
2. CHICAGO Blackhawks , Marcus Foligno 3 (Matt Roy 13, Jonathan Toews 8) at 12:44 (PP)
3. ST. LOUIS Blues , Roope Hintz 12 (Oliver Bjorkstrand 13, Erik Karlsson 10) at 15:26
4. CHICAGO Blackhawks , Patrick Kane 8 (Aaron Ekblad 13, Jonathan Toews 9) at 17:07
5. ST. LOUIS Blues , Gustav Forsling 6 (Erik Karlsson 11, Jack Roslovic 5) at 19:19 (PP)

Penalties :
Erik Karlsson (STL) for High sticking (Minor) at 7:34, Erik Karlsson (STL) for Slashing (Minor) at 12:24, Evgeny Kuznetsov (STL) for Holding (Minor) at 17:10, Jonathan Toews (CHI) for Interference (Minor) at 18:04

2nd period

6. CHICAGO Blackhawks , Tom Wilson 4 (Trent Frederic 4, Nicolas Hague 8) at 2:27
7. CHICAGO Blackhawks , Matt Roy 3 (Marcus Foligno 5, Teuvo Teravainen 5) at 3:58 (PP)

Penalties :
Gustav Forsling (STL) for Tripping (Minor) at 2:52, Erik Haula (STL) for Hooking (Minor) at 6:52

3rd period

8. CHICAGO Blackhawks , Tyler Motte 1 (Jake Walman 6) at 0:49
9. ST. LOUIS Blues , Jack Roslovic 3 (Erik Gustafsson 10, Damon Severson 8) at 10:42 (PP)
10. CHICAGO Blackhawks , Aaron Ekblad 6 (Matt Roy 14, Teuvo Teravainen 6) at 11:55
11. ST. LOUIS Blues , Gustav Forsling 7 (Erik Karlsson 12, Roope Hintz 13) at 19:18 (PP)
12. CHICAGO Blackhawks , Conor Sheary 5 (Ryan Johansen 7, Matt Roy 15) at 19:54 (Empty Net)

Penalties :
Jonathan Marchessault (STL) for Cross-checking (Minor) at 3:28, Aaron Ekblad (CHI) for Roughing (Minor) at 8:46, Erik Haula (STL) for Roughing (Minor) at 11:56, Erik Haula (STL) for Cross-checking (Minor) at 16:31, Tom Wilson (CHI) for Hooking (Minor) at 19:08

Goalie Stats

Filip Gustavsson (STL), 37 saves from 43 shots - (0,860), L, 10-9-1, 59:40 minutes
Frederik Andersen (CHI), 21 saves from 26 shots - (0,808), W, 6-11-2, 60:00 minutes

Players Stats for ST. LOUIS Blues

Player Name              G  A  P  +/- PIM S  H  SB GA TA FO     MP     PP MP  PK MP  
------------------------------------------------------------------------------------
Brandon Tanev            0  0  0  -2  0   3  5  0  0  0  1/2    13:30   0:00   0:00 
Calle Jarnkrok           0  0  0  -1  0   2  0  0  0  0  1/2    15:52   0:52   1:19 
Colin Miller             0  0  0  -1  0   0  0  1  0  0  0/0    12:52   0:00   0:00 
Damon Severson           0  1  1  -1  0   0  0  2  0  0  0/0    20:10   0:42   5:15 
Erik Brannstrom          0  0  0   0  0   0  1  0  0  0  0/0     1:57   0:00   0:16 
Erik Gustafsson          0  1  1  -1  0   1  1  2  0  0  0/0    20:10   0:42   5:15 
Erik Haula               0  0  0  -1  6   3  2  1  0  0  11/25  16:39   0:42   1:34 
Erik Karlsson            0  3  3  -1  4   0  0  1  0  0  0/0    25:34   1:34   5:38 
Evgeny Kuznetsov         0  0  0  -2  2   2  2  0  0  0  8/18   13:39   0:10   0:00 
Gustav Forsling          2  0  2  -1  2   2  1  0  0  0  0/0    24:38   1:34   6:22 
Jack Roslovic            1  1  2  -1  0   3  0  1  0  0  0/0    14:33   0:52   0:00 
Jonathan Marchessault    0  0  0   0  2   2  0  2  0  0  0/0    23:59   1:24   7:06 
Kevin Labanc             0  0  0   0  0   0  1  0  0  0  0/0     2:03   0:00   0:00 
Marcus Johansson         0  0  0  -2  0   1  1  0  0  0  5/9    15:57   0:00   2:27 
Oliver Bjorkstrand       0  2  2   0  0   0  2  0  0  0  0/0    20:48   1:24   3:29 
Oscar Klefbom            0  1  1  -1  0   0  0  2  0  0  0/0    14:36   0:00   1:44 
Robby Fabbri             0  0  0   0  0   1  0  0  0  0  2/3     2:03   0:00   0:00 
Roope Hintz              2  1  3   0  0   6  2  0  0  0  24/50  27:32   1:24   8:35 

Players Stats for CHICAGO Blackhawks

Player Name              G  A  P  +/- PIM S  H  SB GA TA FO     MP     PP MP  PK MP  
------------------------------------------------------------------------------------
Aaron Ekblad             1  1  2   2  2   3  2  1  0  0  0/0    25:01   7:00   0:10 
Brett Ritchie            0  0  0   1  0   0  0  0  0  0  0/0     5:54   0:00   0:00 
Conor Sheary             1  0  1   1  0   8  0  0  0  0  1/1    21:34   7:23   1:17 
Eric Robinson            0  0  0   0  0   1  1  0  0  0  0/0    10:58   0:00   0:00 
Erik Johnson             0  0  0   1  0   3  1  1  0  0  0/0    20:07   5:15   1:28 
Jake Walman              0  1  1   1  0   2  0  1  0  0  0/0    19:21   5:15   0:42 
Jonathan Toews           0  2  2   1  2   3  1  1  0  0  22/38  20:26   4:51   0:10 
Josh Manson              0  0  0   0  0   0  4  0  0  0  0/0    15:01   0:00   0:48 
Marcus Foligno           1  1  2   0  0   4  2  0  0  0  1/1    16:23   4:52   0:00 
Matt Roy                 1  3  4   2  0   5  2  1  0  0  0/0    26:16   7:00   1:24 
Nicolas Hague            0  1  1   0  0   0  2  1  0  0  0/0    14:13   0:00   0:00 
Patrick Kane             1  0  1   2  0   5  1  0  0  0  1/10   25:44   7:23   1:33 
Ryan Johansen            0  1  1   1  0   3  0  0  0  0  26/35  20:11   7:23   0:23 
Taylor Raddysh           0  0  0   1  0   3  0  0  0  0  0/2     5:54   0:00   0:00 
Teuvo Teravainen         0  2  2   1  0   1  1  0  0  0  0/1    21:08   4:52   0:33 
Tom Wilson               1  0  1   0  2   1  2  0  0  0  1/2    10:57   0:00   0:00 
Trent Frederic           0  1  1   0  0   1  0  0  0  0  0/12   11:34   0:00   0:36 
Tyler Motte              1  0  1   1  0   1  0  0  0  0  5/7     5:54   0:00   0:00 

3 Stars

1 - Matt Roy (CHI)
2 - Roope Hintz (STL)
3 - Aaron Ekblad (CHI)

Power Play

ST. LOUIS Blues - 3 on 3 Attempt(s) - 100,00%
CHICAGO Blackhawks - 2 on 8 Attempt(s) - 25,00%

Penalty Kill

ST. LOUIS Blues - 6 on 8 Attempt(s) - 75,00% - Score 0 goal in Penalty Kill
CHICAGO Blackhawks - 0 on 3 Attempt(s) - 0,00% - Score 0 goal in Penalty Kill

Team Stat

ST. LOUIS Blues - Hits : 18 - Faceoff Wins : 52 - Blocked Shots : 12 - Penalty Minutes : 16
CHICAGO Blackhawks - Hits : 19 - Faceoff Wins : 57 - Blocked Shots : 6 - Penalty Minutes : 6

Official

Referees : Marc Joannette and John Hoolihan
Linesman : Andrew Smith and Alex Blair

Game Notes

Conor Sheary has scored in a empty net!

Finance

Level 1 -- Attendance: 5429 (90,48%) -- Ticket Income $542,900
Level 2 -- Attendance: 4203 (84,06%) -- Ticket Income $252,180
Level 3 -- Attendance: 1930 (96,50%) -- Ticket Income $67,550
Level 4 -- Attendance: 3882 (97,05%) -- Ticket Income $77,640
Luxury Box -- Attendance: 754 (75,40%) -- Ticket Income $150,800
Game was played at the United Center.
Total Attendance: 16198 (89,99%)
Total Ticket Income: $1,091,070
Other Income: $272,768
Total Income: $1,363,838

ST. LOUIS Blues

5 vs 5 Forward 
   Center                   Left Wing                Right Wing               Time % Phy DF OF 
 1 Roope Hintz              Jonathan Marchessault    Oliver Bjorkstrand       40     1   2  2  
 2 Erik Haula               Calle Jarnkrok           Jack Roslovic            30     1   2  2  
 3 Evgeny Kuznetsov         Brandon Tanev            Marcus Johansson         20     1   2  2  
 4 Robby Fabbri             Kevin Labanc             Roope Hintz              10     1   2  2  

5 vs 5 Defense 
   Defense                  Defense                                           Time % Phy DF OF 
 1 Erik Karlsson            Gustav Forsling                                   40     1   2  2  
 2 Damon Severson           Erik Gustafsson                                   30     1   2  2  
 3 Colin Miller             Oscar Klefbom                                     20     1   2  2  
 4 Erik Brannstrom          Erik Karlsson                                     10     1   2  2  

PowerPlay Forward 
   Center                   Left Wing                Right Wing               Time % Phy DF OF 
 1 Roope Hintz              Jonathan Marchessault    Oliver Bjorkstrand       60     1   2  2  
 2 Erik Haula               Calle Jarnkrok           Jack Roslovic            40     1   2  2  

PowerPlay Defense
   Defense                  Defense                                           Time % Phy DF OF 
 1 Erik Karlsson            Gustav Forsling                                   60     1   2  2  
 2 Damon Severson           Erik Gustafsson                                   40     1   2  2  

Penalty Kill 4 Players Forward 
   Center                   Wing                     Time % Phy DF OF 
 1 Roope Hintz              Jonathan Marchessault    60     1   2  2  
 2 Erik Haula               Oliver Bjorkstrand       40     1   2  2  

Penalty Kill 4 Players Defense
   Defense                  Defense                  Time % Phy DF OF 
 1 Erik Karlsson            Gustav Forsling          60     1   2  2  
 2 Damon Severson           Erik Gustafsson          40     1   2  2  

Penalty Kill - 3 Players Forward 
   Forward                                           Time % Phy DF OF 
 1 Roope Hintz                                       60     1   2  2  
 2 Jonathan Marchessault                             40     1   2  2  

Penalty Kill - 3 Players Defense
   Defense                  Defense                  Time % Phy DF OF 
 1 Erik Karlsson            Gustav Forsling          60     1   2  2  
 2 Damon Severson           Erik Gustafsson          40     1   2  2  

4 vs 4 Forward 
   Center                   Wing                     Time % Phy DF OF 
 1 Roope Hintz              Jonathan Marchessault    60     1   2  2  
 2 Erik Haula               Oliver Bjorkstrand       40     1   2  2  

4 vs 4 Defense
   Defense                  Defense                  Time % Phy DF OF 
 1 Erik Karlsson            Gustav Forsling          60     1   2  2  
 2 Damon Severson           Erik Gustafsson          40     1   2  2  

Last Minutes Offensive
   Center                   Left Wing                Right Wing               Defense                  Defense                  
   Roope Hintz              Jonathan Marchessault    Oliver Bjorkstrand       Erik Karlsson            Gustav Forsling          

Last Minutes Defensive
   Center                   Left Wing                Right Wing               Defense                  Defense                  
   Roope Hintz              Jonathan Marchessault    Oliver Bjorkstrand       Erik Karlsson            Gustav Forsling          

Goaltenders
Starting : Filip Gustavsson         
Backup : Marc-Andre Fleury        

Extra Forwards
Normal : Evgeny Kuznetsov, Brandon Tanev, Marcus Johansson - PP : Evgeny Kuznetsov, Brandon Tanev - PK : Marcus Johansson
Extra Defensemen
Normal : Colin Miller, Oscar Klefbom, Erik Brannstrom - PP : Colin Miller - PK : Oscar Klefbom, Erik Brannstrom
Penalty Shots
Roope Hintz, Jonathan Marchessault, Erik Haula, Oliver Bjorkstrand, Calle Jarnkrok

Scratches
None

CHICAGO Blackhawks

5 vs 5 Forward 
   Center                   Left Wing                Right Wing               Time % Phy DF OF 
 1 Jonathan Toews           Teuvo Teravainen         Patrick Kane             40     0   1  4  
 2 Ryan Johansen            Conor Sheary             Marcus Foligno           30     1   1  3  
 3 Trent Frederic           Eric Robinson            Tom Wilson               20     1   3  1  
 4 Tyler Motte              Brett Ritchie            Taylor Raddysh           10     1   3  1  

5 vs 5 Defense 
   Defense                  Defense                                           Time % Phy DF OF 
 1 Aaron Ekblad             Matt Roy                                          40     1   2  2  
 2 Erik Johnson             Jake Walman                                       30     1   2  2  
 3 Nicolas Hague            Josh Manson                                       20     1   2  2  
 4 Aaron Ekblad             Matt Roy                                          10     1   2  2  

PowerPlay Forward 
   Center                   Left Wing                Right Wing               Time % Phy DF OF 
 1 Ryan Johansen            Conor Sheary             Patrick Kane             60     1   2  2  
 2 Jonathan Toews           Teuvo Teravainen         Marcus Foligno           40     1   2  2  

PowerPlay Defense
   Defense                  Defense                                           Time % Phy DF OF 
 1 Aaron Ekblad             Matt Roy                                          60     1   2  2  
 2 Erik Johnson             Jake Walman                                       40     1   2  2  

Penalty Kill 4 Players Forward 
   Center                   Wing                     Time % Phy DF OF 
 1 Patrick Kane             Conor Sheary             60     1   2  2  
 2 Teuvo Teravainen         Ryan Johansen            40     1   2  2  

Penalty Kill 4 Players Defense
   Defense                  Defense                  Time % Phy DF OF 
 1 Aaron Ekblad             Matt Roy                 60     1   2  2  
 2 Erik Johnson             Jake Walman              40     1   2  2  

Penalty Kill - 3 Players Forward 
   Forward                                           Time % Phy DF OF 
 1 Patrick Kane                                      60     1   2  2  
 2 Conor Sheary                                      40     1   2  2  

Penalty Kill - 3 Players Defense
   Defense                  Defense                  Time % Phy DF OF 
 1 Aaron Ekblad             Matt Roy                 60     1   2  2  
 2 Erik Johnson             Jake Walman              40     1   2  2  

4 vs 4 Forward 
   Center                   Wing                     Time % Phy DF OF 
 1 Patrick Kane             Conor Sheary             60     1   2  2  
 2 Teuvo Teravainen         Ryan Johansen            40     1   2  2  

4 vs 4 Defense
   Defense                  Defense                  Time % Phy DF OF 
 1 Aaron Ekblad             Matt Roy                 60     1   2  2  
 2 Erik Johnson             Jake Walman              40     1   2  2  

Last Minutes Offensive
   Center                   Left Wing                Right Wing               Defense                  Defense                  
   Ryan Johansen            Conor Sheary             Patrick Kane             Aaron Ekblad             Matt Roy                 

Last Minutes Defensive
   Center                   Left Wing                Right Wing               Defense                  Defense                  
   Ryan Johansen            Conor Sheary             Patrick Kane             Aaron Ekblad             Matt Roy                 

Goaltenders
Starting : Frederik Andersen        
Backup : James Reimer             

Extra Forwards
Normal : Brett Ritchie, Eric Robinson, Trent Frederic - PP : Brett Ritchie, Eric Robinson - PK : Trent Frederic
Extra Defensemen
Normal : Nicolas Hague, Josh Manson, Erik Johnson - PP : Nicolas Hague - PK : Josh Manson, Erik Johnson
Penalty Shots
Patrick Kane, Conor Sheary, Teuvo Teravainen, Ryan Johansen, Jonathan Toews

Scratches
Jakub Vrana (Healthy)

% Time on Ice - ST. LOUIS Blues

Lines # - Real PCT - Wanted PCT - Time Play
Normal Forward
1 - 33% - 40% - 14:34
2 - 31% - 30% - 13:41
3 - 31% - 20% - 13:30
4 - 5% - 10% - 2:03
Normal Defense
1 - 36% - 40% - 15:47
2 - 31% - 30% - 13:28
3 - 29% - 20% - 12:52
4 - 4% - 10% - 1:41
PP Forward
1 - 62% - 60% - 1:24
2 - 38% - 40% - 0:52
PP Defense
1 - 69% - 60% - 1:34
2 - 31% - 40% - 0:42
PK Forward
1 - 72% - 60% - 8:46
2 - 28% - 40% - 3:29
PK Defense
1 - 57% - 60% - 7:00
2 - 43% - 40% - 5:15
PK3 Forward
1 - 0% - 60%
2 - 0% - 40%
PK3 Defense
1 - 0% - 60%
2 - 0% - 40%
44 Forward
1 - 31% - 60% - 0:20
2 - 69% - 40% - 0:45
44 Defense
1 - 31% - 60% - 0:20
2 - 69% - 40% - 0:45
Last Minute Offensive  - 0:36
Last Minute Defensive  - 0:00
Total
Forward - 60:00
Defense - 60:00

% Time on Ice - CHICAGO Blackhawks

Lines # - Real PCT - Wanted PCT - Time Play
Normal Forward
1 - 35% - 40% - 15:25
2 - 26% - 30% - 11:31
3 - 25% - 20% - 10:58
4 - 13% - 10% - 5:54
Normal Defense
1 - 36% - 40% - 15:59
2 - 29% - 30% - 12:37
3 - 32% - 20% - 14:13
4 - 2% - 10% - 0:59
PP Forward
1 - 60% - 60% - 7:23
2 - 40% - 40% - 4:52
PP Defense
1 - 57% - 60% - 7:00
2 - 43% - 40% - 5:15
PK Forward
1 - 83% - 60% - 1:53
2 - 17% - 40% - 0:23
PK Defense
1 - 69% - 60% - 1:34
2 - 31% - 40% - 0:42
PK3 Forward
1 - 0% - 60%
2 - 0% - 40%
PK3 Defense
1 - 0% - 60%
2 - 0% - 40%
44 Forward
1 - 72% - 60% - 0:47
2 - 28% - 40% - 0:18
44 Defense
1 - 28% - 60% - 0:18
2 - 72% - 40% - 0:47
Last Minute Offensive  - 0:00
Last Minute Defensive  - 0:36
Total
Forward - 60:00
Defense - 60:00

Play-by-Play

1st period


0:01 of 1st period - Roope Hintz wins face-off versus Jonathan Toews in neutral zone.
0:11 of 1st period - Shot by Roope Hintz.
0:11 of 1st period - Stopped by Frederik Andersen without a rebound.
0:12 of 1st period - Ryan Johansen wins face-off versus Erik Haula in CHICAGO Blackhawks zone.
0:37 of 1st period - Shot by Jack Roslovic.
0:37 of 1st period - Shot Misses the Net.
0:39 of 1st period - Shot by Erik Gustafsson.
0:39 of 1st period - Stopped by Frederik Andersen without a rebound.
0:40 of 1st period - Evgeny Kuznetsov wins face-off versus Trent Frederic in CHICAGO Blackhawks zone.
0:40 of 1st period - Brandon Tanev is hit by Nicolas Hague and loses puck.
1:11 of 1st period - Shot by Evgeny Kuznetsov.
1:11 of 1st period - Stopped by Frederik Andersen without a rebound.
1:12 of 1st period - Roope Hintz wins face-off versus Jonathan Toews in CHICAGO Blackhawks zone.
1:15 of 1st period - Shot by Jonathan Marchessault.
1:15 of 1st period - Shot Misses the Net.
1:26 of 1st period - Shot by Patrick Kane.
1:26 of 1st period - Shot Misses the Net.
1:46 of 1st period - Shot by Patrick Kane.
1:46 of 1st period - Stopped by Filip Gustavsson without a rebound.
1:47 of 1st period - Tyler Motte wins face-off versus Erik Haula in ST. LOUIS Blues zone.
1:55 of 1st period - Taylor Raddysh is hit by Erik Gustafsson and loses puck.
2:48 of 1st period - Shot by Ryan Johansen.
2:48 of 1st period - Stopped by Filip Gustavsson without a rebound.
2:49 of 1st period - Roope Hintz wins face-off versus Jonathan Toews in ST. LOUIS Blues zone.
2:58 of 1st period - Shot by Roope Hintz.
2:58 of 1st period - Stopped by Frederik Andersen without a rebound.
2:59 of 1st period - Ryan Johansen wins face-off versus Roope Hintz in CHICAGO Blackhawks zone.
3:03 of 1st period - Conor Sheary is hit by Kevin Labanc.
3:39 of 1st period - Shot by Roope Hintz.
3:39 of 1st period - Deflect By Robby Fabbri.
3:39 of 1st period - Stopped by Frederik Andersen without a rebound.
3:40 of 1st period - Evgeny Kuznetsov wins face-off versus Jonathan Toews in CHICAGO Blackhawks zone.
3:54 of 1st period - Shot by Brandon Tanev.
3:54 of 1st period - Shot Misses the Net.
3:56 of 1st period - Shot by Evgeny Kuznetsov.
3:56 of 1st period - Stopped by Frederik Andersen with a rebound.
3:58 of 1st period - Shot by Brandon Tanev.
3:58 of 1st period - Shot Misses the Net.
4:00 of 1st period - Shot by Marcus Johansson.
4:00 of 1st period - Stopped by Frederik Andersen without a rebound.
4:01 of 1st period - Erik Haula wins face-off versus Trent Frederic in CHICAGO Blackhawks zone.
4:12 of 1st period - Shot by Gustav Forsling.
4:12 of 1st period - Shot Misses the Net.
4:14 of 1st period - Shot by Calle Jarnkrok.
4:14 of 1st period - Shot Misses the Net.
4:18 of 1st period - Shot by Erik Haula.
4:18 of 1st period - Deflect By Calle Jarnkrok.
4:18 of 1st period - Stopped by Frederik Andersen with a rebound.
4:32 of 1st period - Shot by Jack Roslovic.
4:32 of 1st period - Stopped by Frederik Andersen without a rebound.
4:33 of 1st period - Jonathan Toews wins face-off versus Roope Hintz in CHICAGO Blackhawks zone.
5:09 of 1st period - Shot by Oliver Bjorkstrand.
5:09 of 1st period - Shot Blocked by Aaron Ekblad.
5:11 of 1st period - Shot by Oscar Klefbom.
5:11 of 1st period - Shot Misses the Net.
5:13 of 1st period - Shot by Roope Hintz.
5:13 of 1st period - Goal by Roope Hintz - ST. LOUIS Blues : 1 - CHICAGO Blackhawks : 0.
5:14 of 1st period - Marcus Johansson wins face-off versus Ryan Johansen in neutral zone.
5:14 of 1st period - Brandon Tanev is hit by Marcus Foligno and loses puck.
6:18 of 1st period - Icing by Erik Gustafsson.
6:19 of 1st period - Jonathan Toews wins face-off versus Erik Haula in ST. LOUIS Blues zone.
6:22 of 1st period - Shot by Patrick Kane.
6:22 of 1st period - Stopped by Filip Gustavsson with a rebound.
7:04 of 1st period - Icing by Damon Severson.
7:05 of 1st period - Erik Haula wins face-off versus Trent Frederic in ST. LOUIS Blues zone.
7:05 of 1st period - Erik Haula is hit by Tom Wilson.
7:34 of 1st period - Minor Penalty to Erik Karlsson for High sticking.
7:35 of 1st period - Ryan Johansen wins face-off versus Roope Hintz in ST. LOUIS Blues zone.
8:10 of 1st period - Shot by Ryan Johansen.
8:10 of 1st period - Stopped by Filip Gustavsson with a rebound.
8:12 of 1st period - Shot by Aaron Ekblad.
8:12 of 1st period - Shot Blocked by Jonathan Marchessault.
8:36 of 1st period - Shot by Jonathan Toews.
8:36 of 1st period - Stopped by Filip Gustavsson without a rebound.
8:37 of 1st period - Jonathan Toews wins face-off versus Erik Haula in ST. LOUIS Blues zone.
8:52 of 1st period - Shot by Marcus Foligno.
8:52 of 1st period - Shot Blocked by Erik Gustafsson.
8:54 of 1st period - Shot by Marcus Foligno.
8:54 of 1st period - Stopped by Filip Gustavsson without a rebound.
8:55 of 1st period - Patrick Kane wins face-off versus Roope Hintz in ST. LOUIS Blues zone.
9:12 of 1st period - Aaron Ekblad is hit by Erik Brannstrom and loses puck.
9:20 of 1st period - Shot by Roope Hintz.
9:20 of 1st period - Shot Misses the Net.
9:22 of 1st period - Shot by Roope Hintz.
9:22 of 1st period - Deflect By Jonathan Marchessault.
9:22 of 1st period - Stopped by Frederik Andersen without a rebound.
9:23 of 1st period - Erik Haula wins face-off versus Jonathan Toews in CHICAGO Blackhawks zone.
9:32 of 1st period - Shot by Jake Walman.
9:32 of 1st period - Stopped by Filip Gustavsson without a rebound.
9:33 of 1st period - Roope Hintz wins face-off versus Jonathan Toews in ST. LOUIS Blues zone.
9:43 of 1st period - Shot by Marcus Johansson.
9:43 of 1st period - Shot Misses the Net.
9:45 of 1st period - Shot by Brandon Tanev.
9:45 of 1st period - Stopped by Frederik Andersen without a rebound.
9:46 of 1st period - Ryan Johansen wins face-off versus Erik Haula in CHICAGO Blackhawks zone.
9:55 of 1st period - Shot by Calle Jarnkrok.
9:55 of 1st period - Shot Misses the Net.
9:57 of 1st period - Shot by Calle Jarnkrok.
9:57 of 1st period - Stopped by Frederik Andersen without a rebound.
9:58 of 1st period - Roope Hintz wins face-off versus Jonathan Toews in CHICAGO Blackhawks zone.
10:17 of 1st period - Shot by Roope Hintz.
10:17 of 1st period - Shot Misses the Net.
10:31 of 1st period - Icing by Gustav Forsling.
10:32 of 1st period - Ryan Johansen wins face-off versus Roope Hintz in ST. LOUIS Blues zone.
10:53 of 1st period - Shot by Conor Sheary.
10:53 of 1st period - Stopped by Filip Gustavsson without a rebound.
10:54 of 1st period - Marcus Johansson wins face-off versus Tom Wilson in ST. LOUIS Blues zone.
10:54 of 1st period - Marcus Johansson is hit by Tom Wilson.
11:26 of 1st period - Shot by Brandon Tanev.
11:26 of 1st period - Stopped by Frederik Andersen without a rebound.
11:27 of 1st period - Erik Haula wins face-off versus Jonathan Toews in CHICAGO Blackhawks zone.
11:28 of 1st period - Shot by Calle Jarnkrok.
11:28 of 1st period - Deflect By Erik Haula.
11:28 of 1st period - Stopped by Frederik Andersen without a rebound.
11:29 of 1st period - Jonathan Toews wins face-off versus Roope Hintz in CHICAGO Blackhawks zone.
11:39 of 1st period - Off-side.
11:40 of 1st period - Erik Haula wins face-off versus Ryan Johansen in neutral zone.
11:46 of 1st period - Colin Miller is hit by Matt Roy and loses puck.
11:50 of 1st period - Icing by Conor Sheary.
11:51 of 1st period - Marcus Foligno wins face-off versus Roope Hintz in CHICAGO Blackhawks zone.
11:57 of 1st period - Shot by Marcus Foligno.
11:57 of 1st period - Stopped by Filip Gustavsson without a rebound.
11:58 of 1st period - Roope Hintz wins face-off versus Jonathan Toews in ST. LOUIS Blues zone.
12:24 of 1st period - Minor Penalty to Erik Karlsson for Slashing.
12:25 of 1st period - Ryan Johansen wins face-off versus Roope Hintz in ST. LOUIS Blues zone.
12:40 of 1st period - Shot by Ryan Johansen.
12:40 of 1st period - Stopped by Filip Gustavsson without a rebound.
12:41 of 1st period - Jonathan Toews wins face-off versus Roope Hintz in ST. LOUIS Blues zone.
12:42 of 1st period - Shot by Matt Roy.
12:42 of 1st period - Shot Blocked by Oscar Klefbom.
12:44 of 1st period - Shot by Marcus Foligno.
12:44 of 1st period - Goal by Marcus Foligno - ST. LOUIS Blues : 1 - CHICAGO Blackhawks : 1.
12:45 of 1st period - Erik Haula wins face-off versus Ryan Johansen in neutral zone.
12:54 of 1st period - Shot by Calle Jarnkrok.
12:54 of 1st period - Shot Misses the Net.
13:07 of 1st period - Icing by Marcus Foligno.
13:08 of 1st period - Ryan Johansen wins face-off versus Roope Hintz in CHICAGO Blackhawks zone.
13:08 of 1st period - Ryan Johansen is hit by Oliver Bjorkstrand.
13:27 of 1st period - Shot by Roope Hintz.
13:27 of 1st period - Shot Misses the Net.
13:48 of 1st period - Off-side.
13:49 of 1st period - Evgeny Kuznetsov wins face-off versus Jonathan Toews in neutral zone.
13:53 of 1st period - Off-side.
13:54 of 1st period - Jonathan Toews wins face-off versus Evgeny Kuznetsov in neutral zone.
14:36 of 1st period - Icing by Colin Miller.
14:37 of 1st period - Brandon Tanev wins face-off versus Tyler Motte in ST. LOUIS Blues zone.
14:44 of 1st period - Shot by Taylor Raddysh.
14:44 of 1st period - Stopped by Filip Gustavsson with a rebound.
14:46 of 1st period - Shot by Matt Roy.
14:46 of 1st period - Shot Misses the Net.
14:48 of 1st period - Shot by Aaron Ekblad.
14:48 of 1st period - Shot Misses the Net.
14:50 of 1st period - Shot by Aaron Ekblad.
14:50 of 1st period - Deflect By Taylor Raddysh.
14:50 of 1st period - Stopped by Filip Gustavsson without a rebound.
14:51 of 1st period - Roope Hintz wins face-off versus Trent Frederic in ST. LOUIS Blues zone.
15:24 of 1st period - Shot by Oliver Bjorkstrand.
15:24 of 1st period - Shot Misses the Net.
15:26 of 1st period - Shot by Roope Hintz.
15:26 of 1st period - Goal by Roope Hintz - ST. LOUIS Blues : 2 - CHICAGO Blackhawks : 1.
15:27 of 1st period - Jonathan Toews wins face-off versus Erik Haula in neutral zone.
15:45 of 1st period - Shot by Jonathan Toews.
15:45 of 1st period - Shot Misses the Net.
15:47 of 1st period - Shot by Teuvo Teravainen.
15:47 of 1st period - Stopped by Filip Gustavsson without a rebound.
15:48 of 1st period - Tyler Motte wins face-off versus Evgeny Kuznetsov in ST. LOUIS Blues zone.
16:18 of 1st period - Icing by Erik Johnson.
16:19 of 1st period - Roope Hintz wins face-off versus Taylor Raddysh in CHICAGO Blackhawks zone.
16:56 of 1st period - Icing by Matt Roy.
16:57 of 1st period - Jonathan Toews wins face-off versus Erik Haula in CHICAGO Blackhawks zone.
16:57 of 1st period - Jonathan Toews is hit by Erik Haula.
17:07 of 1st period - Shot by Patrick Kane.
17:07 of 1st period - Goal by Patrick Kane - ST. LOUIS Blues : 2 - CHICAGO Blackhawks : 2.
17:08 of 1st period - Ryan Johansen wins face-off versus Evgeny Kuznetsov in neutral zone.
17:08 of 1st period - Matt Roy is hit by Brandon Tanev and loses puck.
17:10 of 1st period - Minor Penalty to Evgeny Kuznetsov for Holding.
17:11 of 1st period - Roope Hintz wins face-off versus Ryan Johansen in ST. LOUIS Blues zone.
17:34 of 1st period - Shot by Aaron Ekblad.
17:34 of 1st period - Shot Misses the Net.
17:55 of 1st period - Shot by Matt Roy.
17:55 of 1st period - Shot Blocked by Damon Severson.
18:04 of 1st period - Minor Penalty to Jonathan Toews for Interference.
18:05 of 1st period - Roope Hintz wins face-off versus Patrick Kane in CHICAGO Blackhawks zone.
18:24 of 1st period - Icing by Erik Johnson.
18:25 of 1st period - Erik Haula wins face-off versus Patrick Kane in CHICAGO Blackhawks zone.
18:42 of 1st period - Shot by Erik Haula.
18:42 of 1st period - Shot Blocked by Erik Johnson.
19:17 of 1st period - Shot by Erik Karlsson.
19:17 of 1st period - Shot Misses the Net.
19:19 of 1st period - Shot by Gustav Forsling.
19:19 of 1st period - Goal by Gustav Forsling - ST. LOUIS Blues : 3 - CHICAGO Blackhawks : 2.
19:20 of 1st period - Evgeny Kuznetsov wins face-off versus Trent Frederic in neutral zone.
19:46 of 1st period - Icing by Nicolas Hague.
19:47 of 1st period - Tom Wilson wins face-off versus Robby Fabbri in CHICAGO Blackhawks zone.
Goals for this period are 3 for ST. LOUIS Blues vs 2 for CHICAGO Blackhawks.
Shots for this period are 17 for ST. LOUIS Blues vs 15 for CHICAGO Blackhawks.

2nd period


0:01 of 2nd period - Jonathan Toews wins face-off versus Roope Hintz in neutral zone.
0:14 of 2nd period - Shot by Teuvo Teravainen.
0:14 of 2nd period - Deflect By Patrick Kane.
0:14 of 2nd period - Stopped by Filip Gustavsson without a rebound.
0:15 of 2nd period - Ryan Johansen wins face-off versus Erik Haula in ST. LOUIS Blues zone.
0:21 of 2nd period - Icing by Damon Severson.
0:22 of 2nd period - Calle Jarnkrok wins face-off versus Jonathan Toews in ST. LOUIS Blues zone.
0:22 of 2nd period - Damon Severson is hit by Teuvo Teravainen and loses puck.
0:37 of 2nd period - Shot by Erik Haula.
0:37 of 2nd period - Deflect By Jack Roslovic.
0:37 of 2nd period - Shot Blocked by Jonathan Toews.
1:10 of 2nd period - Icing by Calle Jarnkrok.
1:11 of 2nd period - Erik Haula wins face-off versus Ryan Johansen in ST. LOUIS Blues zone.
2:02 of 2nd period - Shot by Jonathan Marchessault.
2:02 of 2nd period - Stopped by Frederik Andersen without a rebound.
2:03 of 2nd period - Evgeny Kuznetsov wins face-off versus Trent Frederic in CHICAGO Blackhawks zone.
2:03 of 2nd period - Evgeny Kuznetsov is hit by Nicolas Hague.
2:25 of 2nd period - Shot by Tom Wilson.
2:25 of 2nd period - Shot Blocked by Oscar Klefbom.
2:27 of 2nd period - Shot by Tom Wilson.
2:27 of 2nd period - Goal by Tom Wilson - ST. LOUIS Blues : 3 - CHICAGO Blackhawks : 3.
2:28 of 2nd period - Robby Fabbri wins face-off versus Jonathan Toews in neutral zone.
2:48 of 2nd period - Icing by Matt Roy.
2:49 of 2nd period - Jonathan Toews wins face-off versus Erik Haula in CHICAGO Blackhawks zone.
2:51 of 2nd period - Matt Roy is hit by Erik Haula.
2:52 of 2nd period - Minor Penalty to Gustav Forsling for Tripping.
2:53 of 2nd period - Ryan Johansen wins face-off versus Roope Hintz in ST. LOUIS Blues zone.
2:58 of 2nd period - Shot by Jake Walman.
2:58 of 2nd period - Shot Blocked by Jonathan Marchessault.
3:58 of 2nd period - Shot by Matt Roy.
3:58 of 2nd period - Goal by Matt Roy - ST. LOUIS Blues : 3 - CHICAGO Blackhawks : 4.
3:59 of 2nd period - Evgeny Kuznetsov wins face-off versus Trent Frederic in neutral zone.
4:57 of 2nd period - Icing by Aaron Ekblad.
4:58 of 2nd period - Roope Hintz wins face-off versus Tyler Motte in CHICAGO Blackhawks zone.
5:29 of 2nd period - Shot by Taylor Raddysh.
5:29 of 2nd period - Shot Misses the Net.
5:59 of 2nd period - Shot by Erik Haula.
5:59 of 2nd period - Stopped by Frederik Andersen without a rebound.
6:00 of 2nd period - Jonathan Toews wins face-off versus Erik Haula in CHICAGO Blackhawks zone.
6:34 of 2nd period - Shot by Jonathan Toews.
6:34 of 2nd period - Stopped by Filip Gustavsson with a rebound.
6:52 of 2nd period - Minor Penalty to Erik Haula for Hooking.
6:53 of 2nd period - Ryan Johansen wins face-off versus Roope Hintz in ST. LOUIS Blues zone.
7:10 of 2nd period - Shot by Matt Roy.
7:10 of 2nd period - Stopped by Filip Gustavsson without a rebound.
7:11 of 2nd period - Jonathan Toews wins face-off versus Roope Hintz in ST. LOUIS Blues zone.
7:14 of 2nd period - Shot by Aaron Ekblad.
7:14 of 2nd period - Stopped by Filip Gustavsson without a rebound.
7:15 of 2nd period - Jonathan Toews wins face-off versus Roope Hintz in ST. LOUIS Blues zone.
7:15 of 2nd period - Jonathan Toews is hit by Gustav Forsling.
7:47 of 2nd period - Shot by Jake Walman.
7:47 of 2nd period - Stopped by Filip Gustavsson without a rebound.
7:48 of 2nd period - Marcus Johansson wins face-off versus Patrick Kane in ST. LOUIS Blues zone.
7:54 of 2nd period - Icing by Aaron Ekblad.
7:55 of 2nd period - Ryan Johansen wins face-off versus Roope Hintz in CHICAGO Blackhawks zone.
8:18 of 2nd period - Shot by Ryan Johansen.
8:18 of 2nd period - Shot Misses the Net.
8:20 of 2nd period - Shot by Conor Sheary.
8:20 of 2nd period - Stopped by Filip Gustavsson with a rebound.
8:22 of 2nd period - Shot by Conor Sheary.
8:22 of 2nd period - Stopped by Filip Gustavsson without a rebound.
8:23 of 2nd period - Jonathan Toews wins face-off versus Marcus Johansson in ST. LOUIS Blues zone.
8:42 of 2nd period - Shot by Marcus Foligno.
8:42 of 2nd period - Stopped by Filip Gustavsson without a rebound.
8:43 of 2nd period - Roope Hintz wins face-off versus Ryan Johansen in ST. LOUIS Blues zone.
9:17 of 2nd period - Jack Roslovic is hit by Josh Manson and loses puck.
9:36 of 2nd period - Shot by Eric Robinson.
9:36 of 2nd period - Stopped by Filip Gustavsson without a rebound.
9:37 of 2nd period - Roope Hintz wins face-off versus Patrick Kane in ST. LOUIS Blues zone.
11:55 of 2nd period - Shot by Calle Jarnkrok.
11:55 of 2nd period - Shot Misses the Net.
11:59 of 2nd period - Shot by Erik Haula.
11:59 of 2nd period - Deflect By Jack Roslovic.
11:59 of 2nd period - Shot Misses the Net.
12:01 of 2nd period - Shot by Erik Haula.
12:01 of 2nd period - Shot Misses the Net.
12:03 of 2nd period - Shot by Erik Haula.
12:03 of 2nd period - Stopped by Frederik Andersen with a rebound.
12:23 of 2nd period - Icing by Eric Robinson.
12:24 of 2nd period - Robby Fabbri wins face-off versus Trent Frederic in CHICAGO Blackhawks zone.
12:24 of 2nd period - Erik Karlsson is hit by Josh Manson and loses puck.
13:30 of 2nd period - Shot by Brandon Tanev.
13:30 of 2nd period - Stopped by Frederik Andersen with a rebound.
13:35 of 2nd period - Icing by Tom Wilson.
13:36 of 2nd period - Erik Haula wins face-off versus Trent Frederic in CHICAGO Blackhawks zone.
13:36 of 2nd period - Erik Haula is hit by Josh Manson.
14:16 of 2nd period - Shot by Erik Haula.
14:16 of 2nd period - Deflect By Jack Roslovic.
14:16 of 2nd period - Shot Misses the Net.
14:19 of 2nd period - Icing by Josh Manson.
14:20 of 2nd period - Roope Hintz wins face-off versus Trent Frederic in CHICAGO Blackhawks zone.
15:03 of 2nd period - Icing by Matt Roy.
15:04 of 2nd period - Jonathan Toews wins face-off versus Evgeny Kuznetsov in CHICAGO Blackhawks zone.
15:04 of 2nd period - Matt Roy is hit by Brandon Tanev and loses puck.
15:21 of 2nd period - Shot by Patrick Kane.
15:21 of 2nd period - Stopped by Filip Gustavsson without a rebound.
15:22 of 2nd period - Ryan Johansen wins face-off versus Erik Haula in ST. LOUIS Blues zone.
15:28 of 2nd period - Colin Miller is hit by Marcus Foligno.
15:40 of 2nd period - Shot by Erik Haula.
15:40 of 2nd period - Shot Blocked by Jake Walman.
15:47 of 2nd period - Off-side.
15:48 of 2nd period - Tyler Motte wins face-off versus Roope Hintz in neutral zone.
16:25 of 2nd period - Shot by Jonathan Marchessault.
16:25 of 2nd period - Deflect By Roope Hintz.
16:25 of 2nd period - Shot Blocked by Matt Roy.
17:08 of 2nd period - Off-side.
17:09 of 2nd period - Ryan Johansen wins face-off versus Brandon Tanev in neutral zone.
18:04 of 2nd period - Off-side.
18:05 of 2nd period - Jonathan Toews wins face-off versus Roope Hintz in neutral zone.
19:16 of 2nd period - Shot by Jack Roslovic.
19:16 of 2nd period - Shot Misses the Net.
19:18 of 2nd period - Shot by Damon Severson.
19:18 of 2nd period - Shot Misses the Net.
19:20 of 2nd period - Shot by Erik Haula.
19:20 of 2nd period - Shot Blocked by Nicolas Hague.
19:24 of 2nd period - Shot by Jack Roslovic.
19:24 of 2nd period - Stopped by Frederik Andersen without a rebound.
19:25 of 2nd period - Ryan Johansen wins face-off versus Evgeny Kuznetsov in CHICAGO Blackhawks zone.
19:25 of 2nd period - Ryan Johansen is hit by Brandon Tanev.
19:31 of 2nd period - Shot by Conor Sheary.
19:31 of 2nd period - Shot Blocked by Colin Miller.
19:33 of 2nd period - Shot by Matt Roy.
19:33 of 2nd period - Stopped by Filip Gustavsson without a rebound.
19:34 of 2nd period - Ryan Johansen wins face-off versus Evgeny Kuznetsov in ST. LOUIS Blues zone.
19:45 of 2nd period - Shot by Aaron Ekblad.
19:45 of 2nd period - Stopped by Filip Gustavsson with a rebound.
19:47 of 2nd period - Shot by Conor Sheary.
19:47 of 2nd period - Stopped by Filip Gustavsson with a rebound.
Goals for this period are 0 for ST. LOUIS Blues vs 2 for CHICAGO Blackhawks.
Shots for this period are 5 for ST. LOUIS Blues vs 15 for CHICAGO Blackhawks.

3rd period


0:01 of 3rd period - Roope Hintz wins face-off versus Patrick Kane in neutral zone.
0:03 of 3rd period - Erik Karlsson is hit by Aaron Ekblad and loses puck.
0:33 of 3rd period - Shot by Jonathan Marchessault.
0:33 of 3rd period - Deflect By Roope Hintz.
0:33 of 3rd period - Stopped by Frederik Andersen without a rebound.
0:34 of 3rd period - Ryan Johansen wins face-off versus Erik Haula in CHICAGO Blackhawks zone.
0:45 of 3rd period - Shot by Conor Sheary.
0:45 of 3rd period - Stopped by Filip Gustavsson without a rebound.
0:46 of 3rd period - Tyler Motte wins face-off versus Evgeny Kuznetsov in ST. LOUIS Blues zone.
0:47 of 3rd period - Shot by Jake Walman.
0:47 of 3rd period - Shot Misses the Net.
0:49 of 3rd period - Shot by Tyler Motte.
0:49 of 3rd period - Goal by Tyler Motte - ST. LOUIS Blues : 3 - CHICAGO Blackhawks : 5.
0:50 of 3rd period - Jonathan Toews wins face-off versus Roope Hintz in neutral zone.
1:41 of 3rd period - Icing by Aaron Ekblad.
1:42 of 3rd period - Erik Haula wins face-off versus Jonathan Toews in CHICAGO Blackhawks zone.
2:01 of 3rd period - Icing by Jake Walman.
2:02 of 3rd period - Conor Sheary wins face-off versus Evgeny Kuznetsov in CHICAGO Blackhawks zone.
2:02 of 3rd period - Conor Sheary is hit by Brandon Tanev.
2:30 of 3rd period - Shot by Evgeny Kuznetsov.
2:30 of 3rd period - Shot Misses the Net.
3:12 of 3rd period - Shot by Roope Hintz.
3:12 of 3rd period - Stopped by Frederik Andersen without a rebound.
3:13 of 3rd period - Jonathan Toews wins face-off versus Roope Hintz in CHICAGO Blackhawks zone.
3:27 of 3rd period - Aaron Ekblad is hit by Oliver Bjorkstrand and loses puck.
3:28 of 3rd period - Minor Penalty to Jonathan Marchessault for Cross-checking.
3:29 of 3rd period - Ryan Johansen wins face-off versus Roope Hintz in ST. LOUIS Blues zone.
3:30 of 3rd period - Shot by Patrick Kane.
3:30 of 3rd period - Shot Misses the Net.
3:32 of 3rd period - Shot by Matt Roy.
3:32 of 3rd period - Shot Blocked by Erik Gustafsson.
3:56 of 3rd period - Shot by Aaron Ekblad.
3:56 of 3rd period - Shot Blocked by Damon Severson.
3:58 of 3rd period - Shot by Matt Roy.
3:58 of 3rd period - Shot Misses the Net.
4:30 of 3rd period - Shot by Jonathan Toews.
4:30 of 3rd period - Stopped by Filip Gustavsson without a rebound.
4:31 of 3rd period - Roope Hintz wins face-off versus Jonathan Toews in ST. LOUIS Blues zone.
4:40 of 3rd period - Jonathan Toews is hit by Marcus Johansson and loses puck.
4:51 of 3rd period - Shot by Erik Johnson.
4:51 of 3rd period - Stopped by Filip Gustavsson without a rebound.
4:52 of 3rd period - Marcus Johansson wins face-off versus Ryan Johansen in ST. LOUIS Blues zone.
5:38 of 3rd period - Shot by Trent Frederic.
5:38 of 3rd period - Stopped by Filip Gustavsson without a rebound.
5:39 of 3rd period - Tyler Motte wins face-off versus Evgeny Kuznetsov in ST. LOUIS Blues zone.
5:42 of 3rd period - Shot by Taylor Raddysh.
5:42 of 3rd period - Stopped by Filip Gustavsson without a rebound.
5:43 of 3rd period - Evgeny Kuznetsov wins face-off versus Trent Frederic in ST. LOUIS Blues zone.
6:09 of 3rd period - Erik Johnson is hit by Evgeny Kuznetsov and loses puck.
7:37 of 3rd period - Oliver Bjorkstrand is hit by Josh Manson and loses puck.
8:01 of 3rd period - Icing by Josh Manson.
8:02 of 3rd period - Ryan Johansen wins face-off versus Evgeny Kuznetsov in CHICAGO Blackhawks zone.
8:08 of 3rd period - Icing by Conor Sheary.
8:09 of 3rd period - Ryan Johansen wins face-off versus Marcus Johansson in CHICAGO Blackhawks zone.
8:09 of 3rd period - Nicolas Hague is hit by Brandon Tanev and loses puck.
8:30 of 3rd period - Nicolas Hague is hit by Evgeny Kuznetsov.
8:45 of 3rd period - Damon Severson is hit by Aaron Ekblad and loses puck.
8:46 of 3rd period - Minor Penalty to Aaron Ekblad for Roughing.
8:47 of 3rd period - Roope Hintz wins face-off versus Patrick Kane in CHICAGO Blackhawks zone.
8:47 of 3rd period - Roope Hintz is hit by Matt Roy.
8:56 of 3rd period - Icing by Oliver Bjorkstrand.
8:57 of 3rd period - Roope Hintz wins face-off versus Patrick Kane in ST. LOUIS Blues zone.
9:01 of 3rd period - Off-side.
9:02 of 3rd period - Roope Hintz wins face-off versus Patrick Kane in neutral zone.
9:46 of 3rd period - Icing by Gustav Forsling.
9:47 of 3rd period - Roope Hintz wins face-off versus Teuvo Teravainen in ST. LOUIS Blues zone.
10:42 of 3rd period - Shot by Jack Roslovic.
10:42 of 3rd period - Goal by Jack Roslovic - ST. LOUIS Blues : 4 - CHICAGO Blackhawks : 5.
10:43 of 3rd period - Evgeny Kuznetsov wins face-off versus Taylor Raddysh in neutral zone.
11:51 of 3rd period - Shot by Teuvo Teravainen.
11:51 of 3rd period - Shot Misses the Net.
11:53 of 3rd period - Shot by Matt Roy.
11:53 of 3rd period - Shot Misses the Net.
11:55 of 3rd period - Shot by Aaron Ekblad.
11:55 of 3rd period - Goal by Aaron Ekblad - ST. LOUIS Blues : 4 - CHICAGO Blackhawks : 6.
11:56 of 3rd period - Ryan Johansen wins face-off versus Erik Haula in neutral zone.
11:56 of 3rd period - Minor Penalty to Erik Haula for Roughing.
11:57 of 3rd period - Ryan Johansen wins face-off versus Roope Hintz in ST. LOUIS Blues zone.
12:00 of 3rd period - Shot by Conor Sheary.
12:00 of 3rd period - Stopped by Filip Gustavsson without a rebound.
12:01 of 3rd period - Ryan Johansen wins face-off versus Roope Hintz in ST. LOUIS Blues zone.
12:08 of 3rd period - Shot by Aaron Ekblad.
12:08 of 3rd period - Shot Misses the Net.
13:17 of 3rd period - Shot by Erik Johnson.
13:17 of 3rd period - Stopped by Filip Gustavsson without a rebound.
13:18 of 3rd period - Jonathan Toews wins face-off versus Marcus Johansson in ST. LOUIS Blues zone.
13:26 of 3rd period - Icing by Jake Walman.
13:27 of 3rd period - Jonathan Toews wins face-off versus Roope Hintz in CHICAGO Blackhawks zone.
13:40 of 3rd period - Shot by Erik Johnson.
13:40 of 3rd period - Stopped by Filip Gustavsson without a rebound.
13:41 of 3rd period - Marcus Johansson wins face-off versus Ryan Johansen in ST. LOUIS Blues zone.
14:15 of 3rd period - Icing by Damon Severson.
14:16 of 3rd period - Jonathan Toews wins face-off versus Calle Jarnkrok in ST. LOUIS Blues zone.
14:28 of 3rd period - Icing by Erik Haula.
14:29 of 3rd period - Ryan Johansen wins face-off versus Erik Haula in ST. LOUIS Blues zone.
14:48 of 3rd period - Shot by Conor Sheary.
14:48 of 3rd period - Stopped by Filip Gustavsson without a rebound.
14:49 of 3rd period - Roope Hintz wins face-off versus Jonathan Toews in ST. LOUIS Blues zone.
14:49 of 3rd period - Roope Hintz is hit by Jonathan Toews.
14:56 of 3rd period - Gustav Forsling is hit by Patrick Kane and loses puck.
15:03 of 3rd period - Matt Roy is hit by Roope Hintz.
15:15 of 3rd period - Teuvo Teravainen is hit by Roope Hintz.
16:16 of 3rd period - Shot by Ryan Johansen.
16:16 of 3rd period - Shot Misses the Net.
16:31 of 3rd period - Minor Penalty to Erik Haula for Cross-checking.
16:32 of 3rd period - Roope Hintz wins face-off versus Jonathan Toews in ST. LOUIS Blues zone.
16:54 of 3rd period - Shot by Matt Roy.
16:54 of 3rd period - Stopped by Filip Gustavsson without a rebound.
16:55 of 3rd period - Ryan Johansen wins face-off versus Marcus Johansson in ST. LOUIS Blues zone.
17:17 of 3rd period - Icing by Conor Sheary.
17:18 of 3rd period - Roope Hintz wins face-off versus Ryan Johansen in CHICAGO Blackhawks zone.
17:18 of 3rd period - Jonathan Marchessault is hit by Erik Johnson and loses puck.
18:02 of 3rd period - Shot by Aaron Ekblad.
18:02 of 3rd period - Shot Misses the Net.
18:04 of 3rd period - Shot by Matt Roy.
18:04 of 3rd period - Stopped by Filip Gustavsson without a rebound.
18:05 of 3rd period - Jonathan Toews wins face-off versus Roope Hintz in ST. LOUIS Blues zone.
18:06 of 3rd period - Shot by Aaron Ekblad.
18:06 of 3rd period - Shot Misses the Net.
18:39 of 3rd period - Shot by Trent Frederic.
18:39 of 3rd period - Shot Misses the Net.
18:41 of 3rd period - Shot by Tom Wilson.
18:41 of 3rd period - Shot Misses the Net.
18:43 of 3rd period - Shot by Eric Robinson.
18:43 of 3rd period - Shot Blocked by Jack Roslovic.
18:45 of 3rd period - Shot by Josh Manson.
18:45 of 3rd period - Shot Blocked by Erik Haula.
18:47 of 3rd period - Shot by Trent Frederic.
18:47 of 3rd period - Shot Misses the Net.
19:08 of 3rd period - Minor Penalty to Tom Wilson for Hooking.
19:09 of 3rd period - Roope Hintz wins face-off versus Patrick Kane in CHICAGO Blackhawks zone.
19:18 of 3rd period - Shot by Gustav Forsling.
19:18 of 3rd period - Goal by Gustav Forsling - ST. LOUIS Blues : 5 - CHICAGO Blackhawks : 6.
19:19 of 3rd period - Ryan Johansen wins face-off versus Roope Hintz in neutral zone.
19:34 of 3rd period - ST. LOUIS Blues, Filip Gustavsson is pulled from the net.
19:50 of 3rd period - Shot by Aaron Ekblad.
19:50 of 3rd period - Deflect By Patrick Kane.
19:50 of 3rd period - Shot Blocked by Erik Karlsson.
19:52 of 3rd period - Shot by Matt Roy.
19:52 of 3rd period - Shot Misses the Net.
19:54 of 3rd period - Shot by Ryan Johansen.
19:54 of 3rd period - Deflect By Conor Sheary.
19:54 of 3rd period - Goal by Conor Sheary - ST. LOUIS Blues : 5 - CHICAGO Blackhawks : 7.
19:54 of 3rd period - Filip Gustavsson from ST. LOUIS Blues was sent back in the game.
19:55 of 3rd period - Erik Haula wins face-off versus Trent Frederic in neutral zone.
19:57 of 3rd period - Damon Severson is hit by Eric Robinson and loses puck.
Goals for this period are 2 for ST. LOUIS Blues vs 3 for CHICAGO Blackhawks.
Shots for this period are 4 for ST. LOUIS Blues vs 14 for CHICAGO Blackhawks. Output by the SimonT Hockey Simulator (STHS) for Martin Benoit - Original Page W3C HTML5 Valid
Hockey Simulator - Hockey Simulation - Hockey Manager